 Dungeon Crawl Stone Soup version 0.31-a0-145-g046c7d2549 (webtiles) character file.

Game seed: 1971578202721592784

31830 NateTC the Brawler (level 13, 0/131 HPs)
             Began as a Troll Fighter on June 5, 2023.
             Was a High Priest of Wu Jian.
             Slain by a skyshark (2 damage)
             ... on level 4 of the Lair of Beasts.
             The game lasted 00:32:53 (12448 turns).

NateTC the Brawler (Troll Fighter)                 Turns: 12448, Time: 00:32:53

Health: 0/131      AC: 12    Str: 33    XL:     13   Next: 28%
Magic:  0/12       EV: 11    Int:  8    God:    Wu Jian [*****.]
Gold:   923        SH: 12    Dex:  9    Spells: 12/12 levels left

rFire   . .          .
                       - Unarmed
rCold   + . .        b - +2 kite shield
rNeg    . . .        w - +0 troll leather armour
rPois   .            B - +1 hat of Boredom {rC+ SInv}
rElec   .            v - +0 cloak
rCorr   .            (gloves unavailable)
SInv    +            (boots unavailable)
Will    .....        D - amulet of guardian spirit
Stlth   +            i - +4 ring of protection
HPRegen 2.01/turn    m - +6 ring of strength
MPRegen 0.13/turn

%: guardian spirit
@: no status effects
A: large, unfitting armour, claws 3, regeneration 1, shaggy fur 1, tough skin 1
a: Renounce Religion, Wall Jump, Serpent's Lash, Heavenly Storm


You were on level 4 of the Lair of Beasts.
You worshipped Wu Jian.
Wu Jian was extremely pleased with you.
You visited 2 branches of the dungeon, and saw 14 of its levels.
You also visited: Sewer.

You collected 923 gold pieces.

Inventory:

Missiles
 H - 4 throwing nets (quivered)
Armour
 b - a +2 kite shield (worn)
 k - a +0 robe of willpower
 v - a +0 cloak (worn)
 w - a +0 troll leather armour (worn)
 B - the +1 hat of Boredom (worn) {rC+ SInv}
   (You acquired it on level 10 of the Dungeon)

   rC:        It protects you from cold.
   SInv:      It lets you see invisible.
Jewellery
 i - a +4 ring of protection (left claw)
 m - a +6 ring of strength (right claw)
 q - a ring of protection from cold
 C - a ring of willpower
 D - an amulet of guardian spirit (around neck)
 E - the ring of Salvation {Fire Slay+3}
   (You found it on level 10 of the Dungeon)

   [ring of fire]

   It enhances your fire magic.
   Slay:      It affects your accuracy & damage with ranged weapons and melee
   (+3).
   rF:        It protects you from fire.
   rC:        It makes you vulnerable to cold.
 F - an amulet of the acrobat
Wands
 t - a wand of acid (13)
 u - a wand of polymorph (6)
 J - a wand of charming (6)
 K - a wand of flame (13)
Scrolls
 h - 2 scrolls of teleportation
 r - 2 scrolls of blinking
 s - 2 scrolls of immolation
 y - 2 scrolls of fear
 A - 2 scrolls of enchant weapon
 G - 3 scrolls of identify
Potions
 a - 4 potions of enlightenment
 c - a potion of might
 d - 8 potions of heal wounds
 e - 2 potions of magic
 f - 3 potions of curing
 g - 3 potions of haste
 j - a potion of resistance
 l - 2 potions of cancellation
 n - 6 potions of brilliance
 o - 3 potions of mutation
 p - a potion of lignification
 x - 2 potions of ambrosia
 z - a potion of invisibility
Miscellaneous
 I - a phantom mirror


   Skills:
 + Level 9.4 Fighting
 + Level 8.0 Dodging
 + Level 10.3 Shields
 * Level 15.0 Unarmed Combat


You had 12 spell levels left.
You didn't know any spells.
Your spell library contained the following spells:

 Spells                   Type           Power      Damage    Failure   Level
 Apportation              Tloc           0%         N/A       58%         1
 Freeze                   Ice            0%         1d3       58%         1
 Sandblast                Erth           0%         2d4       58%         1
 Sting                    Tmut/Pois      0%         1d3       58%         1
 Blink                    Tloc           0%         N/A       73%         2
 Cigotuvi's Dreadful Rot  Necr/Pois/Air  0%         N/A       73%         2
 Lesser Beckoning         Tloc           0%         N/A       73%         2
 Momentum Strike          Conj/Tloc      0%         3d8       73%         2
 Passwall                 Tmut/Erth      0%         N/A       73%         2
 Poisonous Vapours        Pois/Air       0%         N/A       73%         2
 Frozen Ramparts          Ice            0%         1d1       91%         3
 Hailstorm                Conj/Ice       0%         3d3       91%         3
 Ignite Poison            Fire/Tmut/Pois 0%         N/A       91%         3
 Stone Arrow              Conj/Erth      0%         3d7       91%         3
 Olgreb's Toxic Radiance  Pois           0%         N/A       100%        4
 Passage of Golubria      Tloc           0%         N/A       100%        4
 Petrify                  Tmut/Erth      0%         N/A       100%        4
 Alistair's Intoxication  Tmut/Pois      0%         N/A       100%        5
 Freezing Cloud           Conj/Ice/Air   0%         6-21      100%        5
 Metabolic Englaciation   Hex/Ice        0%         N/A       100%        5
 Silence                  Hex/Air        0%         N/A       100%        5
 Summon Forest            Summ/Tloc      0%         N/A       100%        5
 Summon Mana Viper        Hex/Summ       0%         N/A       100%        5
 Statue Form              Tmut/Erth      0%         N/A       100%        6
 Summon Cactus Giant      Summ           0%         N/A       100%        6
 Discord                  Hex            0%         N/A       100%        8
 Ignition                 Fire           0%         3d3       100%        8
 Lehudib's Crystal Spear  Conj/Erth      0%         10d2      100%        8


Dungeon Overview and Level Annotations

Branches:
Dungeon (10/15) Zot: 26069  Temple (0/1) D:5            Lair (4/5) D:10 Zot: 20925
 Shoals (0/4) Lair:3       Spider (0/4) Lair:3        Slime (0/5) Lair:4
    Orc (0/2) D:10          Sewer (visited)

Altars:
Dithmenos
Gozag
Kikubaaqudgha
Makhleb
Nemelex Xobeh
Qazlal
Ru
Uskayaw
Wu Jian
Xom
Yredelemnul
Zin
Jiyva

Shops:
D:3 (   D:5 ?(*?

Annotations:
Lair:4 Rupert


Innate Abilities, Weirdness & Mutations

You are too large for most types of armour.
You have claws for hands.
Your natural rate of healing is unusually fast.
You are covered in fur. (AC +1)
You have tough skin. (AC +1)


Message History

You are confused.
The skyshark bites you but does no damage.
The skyshark tail-slaps you but does no damage.
The skyshark tail-slaps you. Rupert hits you but does no damage.
You can move again.
The skyshark bites you!
The skyshark enters a blood-rage!
The skyshark closely misses you. The skyshark tail-slaps you.
The skyshark bites you!! The skyshark tail-slaps you.
The skyshark barely misses you.
Rupert screams, "Red!
No, blue!"
The skyshark bites you! The skyshark tail-slaps you. The skyshark misses you.
You are too confused!
Okay, then.
Rupert roars madly and goes into a rage!
Rupert goes berserk!
The skyshark closely misses you. The skyshark tail-slaps you. x2
You see here a wand of charming (5).
Okay, then.
The skyshark barely misses you. The skyshark tail-slaps you.
The skyshark completely misses you.
Rupert hits you with a +1 heavy great mace!!
* * * LOW HITPOINT WARNING * * *
The skyshark completely misses you. The skyshark misses you.
The skyshark tail-slaps you!
* * * LOW HITPOINT WARNING * * *
You are too confused!
You are too confused!
You feel much better.
You feel less confused. You block Rupert's attack.
You block the skyshark's attack. The skyshark misses you.
The skyshark closely misses you.
You feel much better. The skyshark bites you!
* * * LOW HITPOINT WARNING * * *
The skyshark tail-slaps you.
* * * LOW HITPOINT WARNING * * *
The skyshark barely misses you.
Rupert hits you with a +1 heavy great mace!!!
* * * LOW HITPOINT WARNING * * *
You block the skyshark's attack. The skyshark tail-slaps you.
You die...

# #...# #................ ###..##
P................ .P#...#
##...............[ ......#
#................# .....###
#...............## ###....#
#...............P .###...#
#.............# ....#..##
#..../l......# ...#.#..##
##...@@......# ..###....##
#####P..#...# ### .####.#...###
##....######.##
..##.##...#.####.....>.......####
#####.....>..#.....###.......#P..
#.#._...#...#####.#..##P.....
###.>......# ##########.#.
#.......P###### #### ##
#.............##


You could see Rupert (berserk) and a skyshark (berserk).

Vanquished Creatures
  Harold (Lair:2)
  A catoblepas (Lair:2)
  The ghost of bchevrier the Skirmisher, a journeyman GnWn of the Shining One (D:10)
  2 hydras
  A two-headed ogre (D:8)
  2 skysharks
  15 elephants
  3 black mambas
  Joseph (D:7)
  A torpor snail (Lair:4)
  10 cane toads
  6 komodo dragons
  3 rime drakes
  A polar bear (Lair:3)
  2 trolls
  A hornet (D:7)
  Prince Ribbit (D:7)
  5 blink frogs (Lair:4)
  2 shadows
  3 jumping spiders (Lair:3)
  2 centaur simulacra (D:10)
  2 wraiths
  A vampire (D:9)
  2 basilisks
  4 wyverns
  A steam dragon (D:6)
  23 yaks
  A redback (Lair:3)
  An acid dragon (D:9)
  12 water moccasins
  Duvessa (D:7)
  2 orc warriors
  A black bear (D:6)
  2 sky beasts
  3 ice beasts (D:10)
  2 ogres
  22 wolves
  2 centaurs
  5 kobold brigands
  6 bullfrogs
  2 gnoll sergeants
  2 scorpions
  3 wights (D:9)
  Dowan (D:7)
  18 killer bees
  4 jellies
  3 hounds
  Crazy Yiuf (D:7)
  A gnoll bouda (D:5)
  3 orc priests
  A sleepcap (D:6)
  Jessica (D:3)
  4 hell rats (Lair:1)
  2 iguanas (D:6)
  8 orc wizards
  15 gnolls
  9 adders
  9 river rats
  A shadow imp (D:8)
  7 white imps
  2 ufetubi
  3 worms (D:3)
  A dart slug (D:5)
  57 orcs
  13 endoplasms
  2 giant cockroaches
  6 goblins
  9 hobgoblins
  4 jackals (D:4)
  41 kobolds
  2 quokkas
  13 ball pythons
  4 bats
  6 frilled lizards
  20 rats
435 creatures vanquished.

Vanquished Creatures (others)
  A human (D:6)
1 creature vanquished.

Grand Total: 436 creatures vanquished

Notes
Turn   | Place    | Note
-------+----------+-------------------------------------------
     0 | D:1      | NateTC the Troll Fighter began the quest for the Orb.
     0 | D:1      | Reached XP level 1. HP: 22/22 MP: 0/0
   185 | D:1      | Reached XP level 2. HP: 29/29 MP: 1/1
   555 | D:1      | Found a faded altar of an unknown god.
  1828 | D:3      | Reached XP level 3. HP: 36/36 MP: 2/2
  1834 | D:3      | Reached skill level 3 in Unarmed Combat
  1970 | D:3      | Reached XP level 4. HP: 35/44 MP: 3/3
  2005 | D:3      | Reached skill level 4 in Unarmed Combat
  2005 | D:3      | Reached XP level 5. HP: 20/53 MP: 4/4
  2153 | D:3      | Found a glowing drain.
  2158 | D:3      | Noticed Jessica
  2201 | Sewer    | Entered a sewer
  2305 | Sewer    | Reached XP level 6. HP: 58/61 MP: 5/5
  2440 | Sewer    | Reached skill level 5 in Unarmed Combat
  2920 | D:3      | Killed Jessica
  3118 | D:3      | Found Vagich's Antique Weapon Shop.
  3267 | D:4      | Reached XP level 7. HP: 66/68 MP: 6/6
  3362 | D:4      | Found a sacrificial altar of Ru.
  3363 | D:4      | Found a burning altar of Makhleb.
  3370 | D:4      | Found a shimmering altar of Xom.
  3372 | D:4      | Found a stormy altar of Qazlal.
  3372 | D:4      | Found a basalt altar of Yredelemnul.
  3372 | D:4      | Found an ornate altar of the Wu Jian Council.
  3376 | D:4      | Found a hide-covered altar of Uskayaw.
  3380 | D:4      | Became a worshipper of the Wu Jian Council
  3814 | D:4      | Reached skill level 6 in Unarmed Combat
  3856 | D:4      | Reached * piety under Wu Jian
  4110 | D:5      | Entered Level 5 of the Dungeon
  4110 | D:5      | Found Birorhat's Weapon Boutique.
  4373 | D:5      | Found a shadowy altar of Dithmenos.
  4459 | D:5      | Reached skill level 5 in Shields
  4463 | D:5      | Found a sparkling altar of Nemelex Xobeh.
  4478 | D:5      | Found a staircase to the Ecumenical Temple.
  4483 | D:5      | Reached XP level 8. HP: 79/79 MP: 7/7
  4493 | D:5      | Reached skill level 7 in Unarmed Combat
  4504 | D:5      | Found Ofulel's Assorted Antiques.
  4690 | D:5      | Found Azufix's Magic Scroll Boutique.
  4858 | D:5      | Found Bonotsep's Magic Scroll Shop.
  5223 | D:6      | Found an ancient bone altar of Kikubaaqudgha.
  5259 | D:6      | Reached ** piety under Wu Jian
  5260 | D:6      | Reached skill level 5 in Fighting
  5285 | D:6      | Reached skill level 8 in Unarmed Combat
  5684 | D:6      | Reached XP level 9. HP: 88/88 MP: 8/8
  5809 | D:7      | Noticed Joseph
  5817 | D:7      | Killed Joseph
  5880 | D:7      | Noticed Dowan
  5881 | D:7      | Noticed Duvessa
  5889 | D:7      | Killed Duvessa
  5890 | D:7      | Reached skill level 9 in Unarmed Combat
  5893 | D:7      | Killed Dowan
  6023 | D:7      | Noticed Prince Ribbit
  6033 | D:7      | Killed Prince Ribbit
  6616 | D:7      | Found a runed translucent door.
  6617 | D:7      | Noticed Crazy Yiuf
  6622 | D:7      | Killed Crazy Yiuf
  6657 | D:8      | Found an opulent altar of Gozag.
  6663 | D:8      | Noticed a two-headed ogre
  6759 | D:8      | Noticed a troll
  6775 | D:8      | Killed a troll
  6839 | D:8      | Reached skill level 10 in Unarmed Combat
  7067 | D:8      | Killed a two-headed ogre
  7068 | D:8      | Reached XP level 10. HP: 28/100 MP: 9/9
  7271 | D:8      | Found a glowing silver altar of Zin.
  7540 | D:9      | Reached *** piety under Wu Jian
  8114 | D:9      | Reached skill level 11 in Unarmed Combat
  8186 | D:9      | Reached **** piety under Wu Jian
  8401 | D:10     | Entered Level 10 of the Dungeon
  8428 | D:10     | Reached skill level 5 in Dodging
  8448 | D:10     | Found a staircase to the Orcish Mines.
  8555 | D:10     | Noticed bchevrier's ghost (journeyman GnWn)
  8640 | D:10     | Found a runed translucent gate.
  8640 | D:10     | Found a runed translucent gate.
  8640 | D:10     | Found a runed translucent gate.
  8679 | D:10     | Reached XP level 11. HP: 98/109 MP: 10/10
  8929 | D:10     | Found a staircase to the Lair.
  9231 | D:10     | Identified a scroll of acquirement
  9231 | D:10     | Acquired the +1 hat of Boredom {rC+ SInv}
  9266 | D:10     | Killed bchevrier's ghost
  9309 | D:10     | Got the ring of Salvation {Fire Slay+3}
  9344 | Lair:1   | Entered Level 1 of the Lair of Beasts
  9376 | Lair:1   | Reached skill level 12 in Unarmed Combat
  9646 | Lair:1   | Identified the +5 sling of Light {drain, Fragile rC+ Str+3}
  9700 | Lair:1   | Reached ***** piety under Wu Jian
 10113 | Lair:2   | Noticed a catoblepas
 10132 | Lair:2   | Killed a catoblepas
 10329 | Lair:2   | Reached skill level 13 in Unarmed Combat
 10378 | Lair:2   | Reached XP level 12. HP: 102/120 MP: 8/11
 10414 | Lair:2   | Noticed an eight-headed hydra
 10427 | Lair:2   | Killed a ten-headed hydra
 10470 | Lair:2   | Noticed Harold
 10481 | Lair:2   | Killed Harold
 11226 | Lair:3   | Reached skill level 14 in Unarmed Combat
 11312 | Lair:3   | Found a hole to the Spider Nest.
 11391 | Lair:3   | Identified the +1 flail "Ponall" {flame, rPois}
 11466 | Lair:3   | Noticed a six-headed hydra
 11479 | Lair:3   | Killed a six-headed hydra
 11541 | Lair:3   | Found a staircase to the Shoals.
 11839 | Lair:4   | Found a staircase to the Slime Pits.
 11839 | Lair:4   | Found a viscous altar of Jiyva.
 11904 | Lair:4   | Reached skill level 10 in Shields
 12065 | Lair:4   | Reached XP level 13. HP: 123/131 MP: 10/12
 12303 | Lair:4   | Reached skill level 15 in Unarmed Combat
 12435 | Lair:4   | Noticed Rupert
 12437 | Lair:4   | Paralysed by Rupert for 5 turns
 12448 | Lair:4   | HP: 2/131 [Rupert/+1 heavy great mace (35)]
 12448 | Lair:4   | Slain by a skyshark

Illustrated notes

Levels and vault maps discovered:
D:1:      tarquinn_simple_flora_water_b, layout_basic,
          dreamdust_ecumenical_altar_grove
D:2:      layout_basic
D:3:      cheibrodos_fertilizer, layout_basic, serial_shops,
          nicolae_shop_window_shopping, portal_sewer_entry_a,
          grunt_decor_clamped, uniq_jessica
D:4:      layout_basic, minitemple
D:5:      layout_loops_cross, mainiacjoe_overflow_brackets,
          nemelex_diamond_rough_becter, minmay_temple_entry_waves, serial_shops,
          nicolae_shop_rolled_up, shop, shop, shop, serial_bayou_lagoon_a
D:6:      layout_basic, tgw_kikubaaqudgha, dk_noncrumbling_4
D:7:      layout_basic, uniq_prince_ribbit1, uniq_duvessa, uniq_joseph,
          uniq_crazy_yiuf_cottage
D:8:      layout_basic, kennysheep_little_box,
          mainiacjoe_overflow_concentric_impassable
D:9:      layout_loops_ring
D:10:     layout_loops_ring, lair_entry_dummy, hiddenorc1_lemuel,
          gammafunk_ghost_icy, reono_crystal_passage, hangedman_glass_teeth
Lair:1:   layout_big_grid, lemuel_old_faithful, grunt_megastairs_3
Lair:2:   layout_layer_cave, cheibrodos_lair_reptile_den, uniq_harold
Lair:3:   layout_big_grid, elwin_shoals_entry_rocks, spider_nest_entry_a
Lair:4:   layout_cave_pods, slime_entry_1, uniq_rupert

Skill      XL: |  1  2  3  4  5  6  7  8  9 10 11 12 13 |
---------------+----------------------------------------+-----
Shields        | 3 4 5 6 7 9 10 | 10.3
Unarmed Combat | 3 4 5 6 8 10 11 13 14 15 | 15.0
Fighting       | 3 4 5 6 7 8 9 |  9.4
Dodging        | 4 5 6 7 8 |  8.0

Action                     |  1- 3 |  4- 6 |  7- 9 | 10-12 | 13-15 || total
---------------------------+-------+-------+-------+-------+-------++-------
  Melee: Unarmed           |   106 |   259 |   305 |   759 |    81 ||  1510
 Invoke: Serpent's Lash    |       |       |       |     2 |       ||     2
Ability: Lunge             |       |       |    43 |    41 |     9 ||    93
         Whirlwind         |       |       |    32 |   146 |    14 ||   192
         Wall Jump         |       |       |     4 |    19 |     1 ||    24
    Use: Scroll            |     8 |     3 |     3 |    11 |       ||    25
         Potion            |       |       |     1 |     2 |     2 ||     5
   Stab: Petrified         |       |       |       |     5 |       ||     5
 Armour: Robe              |    32 |   129 |    57 |       |       ||   218
         Troll leather arm |       |       |     2 |   178 |    24 ||   204
         Skin              |       |       |       |    48 |       ||    48
  Dodge: Dodged            |    29 |   122 |    84 |   195 |    33 ||   463
  Block: Kite shield       |    42 |   166 |    98 |   353 |    31 ||   690

Table legend: (Time is in decaauts)
 A = Elapsed time spent in this place.
 B = Non-inter-level travel time spent in this place.
 C = Inter-level travel time spent in this place.
 D = Time resting spent in this place.
 E = Time spent auto-exploring this place.
 F = Levels seen in this place.
 G = Mean time per level.
                   A        B        C        D        E       F      G
               +--------+--------+--------+--------+--------+-----+--------+
         Total |  12395 |  12045 |    350 |    588 |   7913 |  15 |  826.3 |
       Dungeon |   8651 |   8372 |    279 |    205 |   6212 |  10 |  865.1 |
          Lair |   3073 |   3003 |     70 |    383 |   1299 |   4 |  768.2 |
         Sewer |    670 |    670 |      0 |      0 |    402 |   1 |  670.0 |
               +--------+--------+--------+--------+--------+-----+--------+

Top non-repeatable levels by time:
  Lair:2: 999 daAuts
     D:1: 962 daAuts
    D:10: 930 daAuts
     D:7: 920 daAuts
     D:5: 899 daAuts
     D:9: 859 daAuts
     D:4: 855 daAuts
     D:2: 850 daAuts
     D:8: 795 daAuts
     D:6: 794 daAuts
     D:3: 782 daAuts
  Lair:1: 740 daAuts
  Lair:3: 679 daAuts
   Sewer: 670 daAuts
  Lair:4: 653 daAuts
